 Dungeon Crawl Stone Soup version 0.31-a0-229-g1fc7ce93e2 (webtiles) character file.

Game seed: 18211310621823016394

229 innerfire43 the Trooper (level 5, -4/43 HPs)
             Began as a Demonspawn Monk on July 6, 2023.
             Killed from afar by a dart slug (5 damage)
             ... with a slug dart
             ... on level 2 of the Dungeon.
             The game lasted 00:02:10 (1508 turns).

innerfire43 the Trooper (Demonspawn Monk)           Turns: 1508, Time: 00:02:11

Health: -4/43      AC:  3    Str: 17    XL:     5   Next: 71%
Magic:  5/5        EV: 14    Int: 12    God:
Gold:   114        SH:  0    Dex: 18    Spells: 4/4 levels left

rFire   + . .        a - +0 hand axe
rCold   . . .        d - orb {light}
rNeg    . . .        n - +1 robe "Ximeen Yqai" {rF+ Str+4 Dex+3}
rPois   .            (helmet restricted)
rElec   .            (no cloak)
rCorr   .            (no gloves)
SInv    .            (no boots)
Will    .....        (no amulet)
Stlth   +            (no ring)
HPRegen 0.27/turn    (no ring)
MPRegen 0.09/turn

%: no passive effects
@: confused, ambrosia-drunk, glowing
A: hooves 1, horns 1, demonic touch 1
a: no special abilities


You were on level 2 of the Dungeon.
You visited 1 branch of the dungeon, and saw 4 of its levels.

You collected 114 gold pieces.

Inventory:

Hand Weapons
 a - a +0 hand axe (weapon)
Armour
 b - a +0 robe
 d - an orb of light (worn)
 n - the +1 robe "Ximeen Yqai" (worn) {rF+ Str+4 Dex+3}
   (You found it on level 3 of the Dungeon)

   Str:       It affects your strength (+4).
   Dex:       It affects your dexterity (+3).
   rF:        It protects you from fire.
Scrolls
 f - a scroll of revelation {unknown}
 g - 2 scrolls of silence {unknown}
 h - 2 scrolls of blinking {unknown}
 j - a scroll of poison {unknown}
 k - 3 scrolls of identify {unknown}
Potions
 e - a potion of magic {unknown}
 i - 2 potions of curing {unknown}
 l - a potion of mutation {unknown}
 m - 2 potions of berserk rage {unknown}


   Skills:
 + Level 4.4 Fighting
 + Level 4.0 Axes
 + Level 4.0 Dodging


You had 4 spell levels left.
You didn't know any spells.
Your spell library was empty.

Dungeon Overview and Level Annotations

Branches:
Dungeon (4/15)
 Temple: D:4-7

Altars:
Makhleb
Yredelemnul

Shops:
D:4 *[=


Innate Abilities, Weirdness & Mutations

You have large cloven feet.
You have a pair of small horns on your head.
Your touch may inflict minor irresistible damage on your foes.


Message History

A bat comes into view.
The endoplasm misses you.
The gnoll hits you from afar with a +0 spear.
The gnoll completely misses you.
The bat moves out of view.
You are too injured to fight recklessly!
Unknown command.
You are too injured to fight recklessly!
Unknown command.
You are too injured to fight recklessly!
You slash the endoplasm!
You kill the endoplasm!
You barely miss the gnoll. The gnoll hits you with a +0 club.
The gnoll hits you from afar with a +0 spear.
* * * LOW HITPOINT WARNING * * *
Unknown command.
The gnoll hits you with a +0 club!
* * * LOW HITPOINT WARNING * * *
The gnoll barely misses you.
Things that are here:
a +0 whip; a +0 flail; a gnoll corpse You are confused.
You feel invigorated. The gnoll hits you with a +0 club.
* * * LOW HITPOINT WARNING * * *
The gnoll closely misses you. The hobgoblin completely misses you.
The gnoll attacks as you move away! The gnoll barely misses you.
A dart slug comes into view.
The gnoll barely misses you. The dart slug launches a dart at you.
The slug dart hits you.
* * * LOW HITPOINT WARNING * * *
The hobgoblin barely misses you.
The gnoll hits you from afar with a +0 spear.
* * * LOW HITPOINT WARNING * * *
You're too confused to move!
The bat closely misses you. The gnoll hits you with a +0 club!
* * * LOW HITPOINT WARNING * * *
The hobgoblin completely misses you. The gnoll barely misses you.
The dart slug launches a dart at you. The slug dart hits you.
You die...

#....## ##. #..... ..
..### ###..... .# .....
+......# ##.#########
#.....####...?....
#...................#
#..........# ...
###...@g.....# #.#
.....b.g).....# #.#
.......g#####.########.#
........##..........##..
........##....#......#..
........##...........#..
w.......######.......#..
........# #...###.#..
....... #...# #.#.#


You could see 2 gnolls, a dart slug, a hobgoblin and a bat.

Vanquished Creatures
  A bullfrog (D:4)
  An orc priest (D:4)
  A hound (D:4)
  3 gnolls
  2 adders
  3 dart slugs
  3 orcs
  A ball python (D:1)
  4 bats
  6 endoplasms
  2 giant cockroaches
  4 goblins
  5 hobgoblins
  4 jackals (D:1)
  4 kobolds
  3 quokkas (D:1)
  8 frilled lizards
  2 rats
57 creatures vanquished.

Notes
Turn   | Place    | Note
-------+----------+-------------------------------------------
     0 | D:1      | innerfire43 the Demonspawn Monk began the quest for the
                  | Orb.
     0 | D:1      | Reached XP level 1. HP: 18/18 MP: 1/1
   123 | D:1      | Discovered your monstrous ancestry.
   123 | D:1      | Gained mutation: You have large cloven feet. [demonic
                  | ancestry]
   123 | D:1      | Reached XP level 2. HP: 24/24 MP: 2/2
   334 | D:1      | Reached XP level 3. HP: 26/29 MP: 3/3
   960 | D:2      | You fall into a shaft and drop 2 floors!
   968 | D:4      | Found Tukuin's General Store.
   973 | D:4      | Gained mutation: Your touch may inflict minor irresistible
                  | damage on your foes. [demonic ancestry]
   973 | D:4      | Reached XP level 4. HP: 37/37 MP: 4/4
   983 | D:4      | Found a basalt altar of Yredelemnul.
  1214 | D:4      | Found Nakeucac's Jewellery Emporium.
  1217 | D:4      | Found Tozxemol's Armour Emporium.
  1275 | D:4      | Noticed a bullfrog
  1289 | D:4      | Killed a bullfrog
  1290 | D:4      | Gained mutation: You have a pair of small horns on your
                  | head. [demonic ancestry]
  1290 | D:4      | Reached XP level 5. HP: 18/43 MP: 5/5
  1412 | D:3      | Found a burning altar of Makhleb.
  1421 | D:3      | Identified the +1 robe "Ximeen Yqai" {rF+ Str+4 Dex+3}
  1508 | D:2      | HP: 1/43 [gnoll/+0 club (7)]
  1508 | D:2      | Killed from afar by a dart slug

Illustrated notes

Levels and vault maps discovered:
D:1:      saegor_arrival_simple_a, layout_loops_ring, minmay_lizard_king
D:2:      layout_basic, minmay_cut_off
D:3:      layout_basic, bloody_makhleb, hangedman_feature_mirror, st_stairs_9,
          minmay_strange_pillars
D:4:      layout_rooms, yredelemnul_altar_generic,
          minmay_temple_entry_sparse_star, serial_shops, shop, shop,
          nicolae_diamond_shop, dilly_guarded_unrand_devastator

Skill      XL: |  1  2  3  4  5 |
---------------+----------------+-----
Axes           | 3 4 |  4.0
Dodging        | 3 4 |  4.0
Fighting       | 4 |  4.4

Action                     |  1- 3 |  4- 6 || total
---------------------------+-------+-------++-------
  Melee: Hand axe          |    94 |    57 ||   151
         Kick              |    22 |    21 ||    43
         Headbutt          |       |     4 ||     4
    Use: Potion            |       |     1 ||     1
 Armour: Robe              |    12 |    10 ||    22
  Dodge: Dodged            |    68 |    45 ||   113

Table legend: (Time is in decaauts)
 A = Elapsed time spent in this place.
 B = Non-inter-level travel time spent in this place.
 C = Inter-level travel time spent in this place.
 D = Time resting spent in this place.
 E = Time spent auto-exploring this place.
 F = Levels seen in this place.
 G = Mean time per level.
                   A        B        C        D        E       F      G
               +--------+--------+--------+--------+--------+-----+--------+
         Total |   1528 |   1505 |     23 |      0 |   1137 |   4 |  382.0 |
       Dungeon |   1528 |   1505 |     23 |      0 |   1137 |   4 |  382.0 |
               +--------+--------+--------+--------+--------+-----+--------+

Top non-repeatable levels by time:
     D:1: 805 daAuts
     D:4: 354 daAuts
     D:2: 231 daAuts
     D:3: 137 daAuts
